 Dungeon Crawl Stone Soup version 0.31-a0-986-g5e6e4ef867 (webtiles) character file.

Game seed: 8015484633754826435

76 Jeffwins the Ruffian (level 4, -3/22 HPs)
             Began as a Vine Stalker Shapeshifter on Nov 13, 2023.
             Slain by an orc
             ... wielding a +0 falchion
              (6 damage)
             ... on level 3 of the Dungeon.
             The game lasted 00:03:24 (1403 turns).

Jeffwins the Ruffian (Vine Stalker Shapeshifter)    Turns: 1403, Time: 00:03:24

Health: -3/22      AC:  2    Str: 16    XL:     4   Next: 32%
Magic:  0/5        EV: 12    Int: 12    God:
Gold:   105        SH:  0    Dex: 14    Spells: 3/3 levels left

rFire   . .          .
                       - Unarmed
rCold   . . .        (no shield)
rNeg    + . .        a - +0 animal skin
rPois   .            (helmet currently unavailable)
rElec   .            (cloak currently unavailable)
rCorr   .            (gloves currently unavailable)
SInv    .            (boots currently unavailable)
Will    .....        (no amulet)
Stlth   ++           N - ring of positive energy
HPRegen 1.03/turn    (no ring)
MPRegen 0.09/turn

%: guardian spirit
@: beast-form
A: beast (slay +2), fangs 2, regeneration 1, magic shield, antimagic bite, no
potion heal 2
a: Begin Untransformation


You were on level 3 of the Dungeon.
You were a hulking beast.
You visited 1 branch of the dungeon, and saw 3 of its levels.

You collected 105 gold pieces.


Innate Abilities, Weirdness & Mutations

You are a hulking beast.
Your limbs bulge with bestial killing power. (Slay +2)
You have extremely sharp teeth.
Your natural rate of healing is unusually fast.
When hurt, damage is shared between your health and your magic reserves.
Your bite disrupts and absorbs the magic of your enemies.
Potions cannot restore your health.


   Skills:
 + Level 1.5 Fighting
 + Level 2.0 Dodging
 + Level 1.6 Stealth
 * Level 3.6 Unarmed Combat
 * Level 3.5 Shapeshifting


You had 3 spell levels left.
You didn't know any spells.
Your spell library was empty.

Inventory:

Armour
 a - a +0 animal skin (worn)
Magical Staves
 e - a staff of fire
Jewellery
 N - a ring of positive energy (left hand)
Talismans
 c - a beast talisman
 d - a flux talisman
Scrolls
 f - 2 scrolls of amnesia {unknown}
 j - a scroll of teleportation {unknown}
 k - 2 scrolls of identify {unknown}
 m - a scroll of silence {unknown}
Potions
 b - 3 potions of lignification {!q}
 g - a potion of enlightenment {unknown}
 h - 2 potions of curing {unknown}
 i - a potion of brilliance {unknown}
 l - a potion of might {unknown}

Dungeon Overview and Level Annotations

Branches:
Dungeon (3/15)

Altars:
Ru
Uskayaw

Shops:
D:3 :

Annotations:
D:3 2 transporters, knightboat's ghost, weakling VSEn

§....##.▓...▓......#
≈...###.▓▓.▓▓.####.###.. ...##
#..▓.▓..# .... ≈.## ##.▓.▓..#
..... §.######.▓.▓..# .....
....##...▓'▓..# ......
....##.#..†...####...... ######
....'..'...'.)...o...... ......
#...####.).#....ho...... #####
#...#......#.....g......#########
#...#...................#........
#...#.............#######.#######
#...#........###### #.#...#.#
#...#........# ####..).†..#
.####........# #......#...#
...##........# #.##########
##..#####....# #.# #.....##


You could see 2 orcs and a goblin.


Message History

You are too injured to fight recklessly!
You are too injured to fight recklessly!
You are too injured to fight recklessly!
You are too injured to fight recklessly!
You are too injured to fight recklessly!
You are too injured to fight recklessly!
You are too injured to fight recklessly!
You are too injured to fight recklessly!
You are too injured to fight recklessly!
You are too injured to fight recklessly!
You are too injured to fight recklessly!
Unknown command.
You closely miss the orc. You punch the orc, but do no damage.
You bite the orc, but do no damage.
The orc is severely wounded.
The orc barely misses you. The orc misses you.
The goblin hits you with a +0 club.
* * * LOW HITPOINT WARNING * * *
Unknown command.
You barely miss the orc.
The orc is severely wounded.
The orc hits you with a +0 falchion.
* * * LOW HITPOINT WARNING * * *
The orc closely misses you. The goblin hits you with a +0 club.
* * * LOW HITPOINT WARNING * * *
Unknown command.
You barely miss the orc.
The orc is severely wounded.
The orc hits you with a +0 falchion!
You die...

Skill      XL: |  1  2  3  4 |
---------------+-------------+-----
Fighting       | 1 |  1.5
Stealth        | 1 |  1.6
Dodging        | 2 |  2.0
Unarmed Combat | |  3.6
Shapeshifting  | |  3.5

Action                     |  1- 3 |  4- 6 || total
---------------------------+-------+-------++-------
  Melee: Unarmed           |   106 |    25 ||   131
         Bite              |    20 |     7 ||    27
         Punch             |     1 |     1 ||     2
   Stab: Sleeping          |     3 |       ||     3
 Armour: Animal skin       |    48 |    20 ||    68
  Dodge: Dodged            |    60 |    20 ||    80

Levels and vault maps discovered:
D:1:      giann_bridges, layout_rooms, minmay_lizard_pond
D:2:      layout_rooms
D:3:      layout_basic, mainiacjoe_overflow_surrounded_room,
          mainiacjoe_overflow_small_starburst, gammafunk_ghost_arena,
          serial_shops, shop, chequers_serial_rivers_small_b, nrook_campfire

Notes
Turn   | Place    | Note
-------+----------+-------------------------------------------
     0 | D:1      | Jeffwins the Vine Stalker Shapeshifter began the quest for
                  | the Orb.
     0 | D:1      | Reached XP level 1. HP: 9/9 MP: 2/2
    10 | D:1      | Reached skill level 1 in Fighting
    57 | D:1      | Reached XP level 2. HP: 11/14 MP: 3/3
   199 | D:1      | Reached XP level 3. HP: 14/18 MP: 2/4
   206 | D:1      | Reached skill level 1 in Stealth
   975 | D:3      | Found Puphipori's Book Emporium.
  1160 | D:3      | Found a hide-covered altar of Uskayaw.
  1186 | D:3      | Found a transporter.
  1194 | D:3      | Noticed knightboat's ghost (weakling VSEn)
  1197 | D:3      | Found a transporter.
  1302 | D:3      | Reached XP level 4. HP: 21/22 MP: 3/5
  1341 | D:3      | Found a sacrificial altar of Ru.
  1364 | D:3      | Reached skill level 2 in Dodging
  1402 | D:3      | HP: 2/22 [goblin/+0 club (3)]
  1403 | D:3      | Slain by an orc

Vanquished Creatures
  An adder (D:3)
  A worm (D:2)
  A dart slug (D:1)
  3 orcs (D:3)
  4 bats
  7 endoplasms
  6 giant cockroaches
  2 goblins
  9 hobgoblins
  2 quokkas
  2 ball pythons (D:1)
  7 frilled lizards
  5 kobolds
  4 rats
54 creatures vanquished.

Table legend: (Time is in decaauts)
 A = Elapsed time spent in this place.
 B = Non-inter-level travel time spent in this place.
 C = Inter-level travel time spent in this place.
 D = Time resting spent in this place.
 E = Time spent auto-exploring this place.
 F = Levels seen in this place.
 G = Mean time per level.
                   A        B        C        D        E       F      G
               +--------+--------+--------+--------+--------+-----+--------+
         Total |   1395 |   1330 |     65 |     18 |   1015 |   3 |  465.0 |
       Dungeon |   1395 |   1330 |     65 |     18 |   1015 |   3 |  465.0 |
               +--------+--------+--------+--------+--------+-----+--------+

Top non-repeatable levels by time:
     D:3: 474 daAuts
     D:2: 464 daAuts
     D:1: 457 daAuts

Table legend:
 A = Non-vault XP
 B = Vault XP
 C = Vault XP percentage of total XP
 D = Non-vault monster count
 E = Vault monster count
 F = Vault count percentage of total count
                 A         B        C        D         E       F
            +---------+---------+-------+---------+---------+-------
      Total |     106 |       3 |   2.8 |      51 |       3 |   5.6
            +---------+---------+-------+---------+---------+-------
        D:1 |      42 |       3 |   6.7 |      23 |       3 |  11.5
        D:2 |      25 |       0 |   0.0 |      13 |       0 |   0.0
        D:3 |      39 |       0 |   0.0 |      15 |       0 |   0.0
            +---------+---------+-------+---------+---------+-------
